 Dungeon Crawl Stone Soup version 0.23.2-33-g5129a83184 (webtiles) character file.

Game seed: 8596323149984999412

17204 barcode the Fighter (level 12, -3/86 HPs)
             Began as a Gargoyle Transmuter on Aug 4, 2019.
             Was a Believer of Vehumet.
             Slain by Nessos the mana viper (11 damage)
             ... on level 13 of the Dungeon.
             The game lasted 00:32:00 (16567 turns).

barcode the Fighter (Gargoyle Transmuter)          Turns: 16567, Time: 00:32:00

Health: -3/86      AC: 26    Str: 15    XL:     12   Next: 45%
Magic:  23/23      EV: 11    Int: 20    God:    Vehumet [**....]
Gold:   498        SH:  5    Dex: 14    Spells: 14/26 levels left

rFire    x . .     SeeInvis .   z - +4 rapier (holy)
rCold    + . .     Gourm    .   n - +0 buckler
rNeg     + + .     Faith    .   I - +4 ring mail of the Eternal Fruit {rElec Int+2 Dex+4}
rPois    ∞         Spirit   .   K - +0 helmet
rElec    +         Reflect  .   y - +0 cloak
rCorr    .         Harm     .   p - +2 pair of gloves
MR       .....                  D - +0 pair of boots
Stlth    +.........             (no amulet)
HPRegen  0.24/turn              F - ring of positive energy
MPRegen  0.18/turn              c - ring of ice

@: no status effects
A: negative energy resistance 1, electricity resistance, unbreathing,
petrification resistance, rot immunity, AC +8
a: Renounce Religion


You were on level 13 of the Dungeon.
You worshipped Vehumet.
Vehumet was pleased with you.
You were not hungry.

You visited 3 branches of the dungeon, and saw 15 of its levels.
You also visited: Ossuary.

You collected 911 gold pieces.
You spent 413 gold pieces at shops.

Inventory:

Hand Weapons
 z - a +4 rapier of holy wrath (weapon)
 R - a +4 trident of freezing
Missiles
 a - 351 arrows
Armour
 n - a +0 buckler (worn)
 p - a +2 pair of gloves (worn)
 y - a +0 cloak (worn)
 D - a +0 pair of boots (worn)
 I - the +4 ring mail of the Eternal Fruit (worn) {rElec Int+2 Dex+4}
   (You bought it in a shop on level 4 of the Dungeon)

   It affects your intelligence (+2).
   It affects your dexterity (+4).
   It insulates you from electricity.
 J - a +0 robe of fire resistance
 K - a +0 helmet (worn)
Jewellery
 c - a ring of ice (right hand)
 x - an uncursed ring of positive energy
 F - a ring of positive energy (left hand)
Wands
 G - a wand of digging (6)
 M - a wand of iceblast (3)
 P - a wand of scattershot (4)
 Q - a wand of polymorph (3)
Scrolls
 f - 2 scrolls of blinking
 i - 4 scrolls of amnesia
 j - 5 scrolls of teleportation
 l - 6 scrolls of remove curse
 m - 5 scrolls of enchant weapon
 o - a scroll of identify
 s - a scroll of random uselessness {unknown}
 w - a scroll of noise {unknown}
 A - a scroll of brand weapon
 C - a scroll of fog {unknown}
 H - 3 scrolls of enchant armour
 L - a scroll of immolation {unknown}
Potions
 b - a potion of mutation {unknown}
 e - a potion of cancellation
 g - 2 potions of flight
 h - a potion of haste {unknown}
 k - 4 potions of lignification
 q - 6 potions of might
 r - 6 potions of brilliance
 t - 4 potions of heal wounds
 v - 7 potions of curing
 B - 2 potions of magic
 E - 2 potions of ambrosia
 O - a potion of berserk rage {unknown}
Comestibles
 d - 22 rations
 N - 4 chunks of flesh


   Skills:
 - Level 14.6 Fighting
 - Level 6.9 Armour
 - Level 1.5 Dodging
 - Level 4.0 Shields
 - Level 3.0 Unarmed Combat
 - Level 7.9 Spellcasting
 - Level 1.5 Transmutations
 + Level 11.0 Earth Magic


You had 14 spell levels left.
You knew the following spells:

 Your Spells              Type           Power        Failure   Level  Hunger
a - Beastly Appendage     Tmut           ##....       9%          1    None
b - Blink                 Tloc           N/A          24%         2    None
c - Freeze                Ice            ##..         16%         1    None
d - Petrify               Tmut/Erth      ####....     12%         4    ###....
e - Searing Ray           Conj           #.....       24%         2    None
f - Throw Frost           Conj/Ice       ##....       24%         2    None

Your spell library contained the following spells:

 Spells                   Type           Power        Failure   Level  Hunger
 Sticks to Snakes         Tmut           ##......     12%         2    None
 Apportation              Tloc           #.....       16%         1    None
 Confusing Touch          Hex            #.....       16%         1    None
 Magic Dart               Conj           #...         16%         1    None
 Shock                    Conj/Air       #...         16%         1    None
 Summon Butterflies       Summ           #.......     16%         1    None
 Call Imp                 Summ           #.......     24%         2    None
 Slow                     Hex            #.......     24%         2    None
 Swiftness                Chrm/Air       #.......     24%         2    None
 Spider Form              Tmut/Pois      ##........   32%         3    None
 Confuse                  Hex            #.......     43%         3    None
 Conjure Flame            Conj/Fire      #.......     43%         3    None
 Gell's Gravitas          Tloc           #.........   43%         3    None
 Lesser Beckoning         Tloc           #.........   43%         3    None
 Mephitic Cloud           Conj/Pois/Air  #.......     43%         3    None
 Static Discharge         Conj/Air       #.......     43%         3    None
 Tukima's Dance           Hex            #.......     43%         3    None
 Ice Form                 Ice/Tmut       ###.....     73%         4    ###....
 Airstrike                Air            #.........   83%         4    ###....
 Blade Hands              Tmut           ##........   92%         5    #####..
 Alistair's Intoxication  Tmut/Pois      ##......     97%         5    #####..
 Yara's Violent Unravell  Hex/Tmut       ##........   97%         5    #####..
 Lightning Bolt           Conj/Air       #.........   99%         5    #####..
 Metabolic Englaciation   Hex/Ice        ##........   99%         5    #####..
 Invisibility             Hex            #.......     100%        6    ######.


Dungeon Overview and Level Annotations

Branches:
Dungeon (14/15)            Temple (1/1) D:7            Lair (1/6) D:10
    Orc (0/2) D:11
 Vaults: D:13-14

Altars:
Ashenzari
Cheibriados
Dithmenos
Elyvilon
Fedhas
Gozag
Hepliaklqana
Kikubaaqudgha
Makhleb
Nemelex Xobeh
Okawaru
Qazlal
Ru
Sif Muna
Trog
Uskayaw
Vehumet
Wu Jian
Xom
Yredelemnul
Zin
The Shining One

Shops:
D:4 }[%?

Portals:
Trove: D:11 (give 14 potions of heal wounds)

Annotations:
D:11 exclusion: 2 doors
D:13 2 transporters, Nessos


Innate Abilities, Weirdness & Mutations

You are resistant to torment.
Your stone body is resilient. (AC +8)
You are immune to poison.
You resist negative energy. (rN+)
You are resistant to electric shocks. (rElec)
You can survive without breathing.
You are immune to petrification.
You are immune to rotting.


Message History

* * * LOW HITPOINT WARNING * * *
You block Nessos's attack.
Unknown command.
Unknown command.
Evoke which item? (* to show all) (? for menu, Esc to quit)
Aiming: Paralyse
Press: ? - help, Shift-Dir - straight line, f - Nessos
Aim: Nessos, wielding a +0 executioner's axe, wearing a +0 centaur barding and wearing an uncursed ring of see invisible (moderately wounded, fast, chance to defeat MR: 46%) Nessos resists with some effort.
The now-empty wand crumbles to dust.
Nessos hits you with a +0 executioner's axe!
* * * LOW HITPOINT WARNING * * *
The human hits you.
* * * LOW HITPOINT WARNING * * *
Evoke which item? (* to show all) (? for menu, Esc to quit)
Aiming: Polymorph
Press: ? - help, Shift-Dir - straight line, f/p - Nessos
Aim: Nessos, wielding a +0 executioner's axe, wearing a +0 centaur barding and wearing an uncursed ring of see invisible (moderately wounded, fast, chance to defeat MR: 46%) Nessos evaporates and reforms as a mana viper!
The human hits you but does no damage. Nessos bites you!
You die...

#...#............## #..
....#............§# #..
....#.........##### #..
...(#.........# #+#
....#...##+##.# #
....#...#...#)######### #
....#...'...#))(......####+######
....#...#...#....................
#'###...#####...@S...<...........
.................p.[.............
##...............................
#.......#####)#.....).....######
#.......#.....#...........#8P#oo
#.......#.....#...........#P.#≈≈
##...#####.....#.......>...#./#..
.....#.........#..........©#©.+..
.#####...÷.....#...........#./#


You could see Nessos the mana viper and a human.

Vanquished Creatures
  Josephine (D:10)
  2 centaur warriors (D:13)
  A two-headed ogre (D:11)
  Pikel (D:6)
  4 ugly things
  A manticore (D:13)
  3 komodo dragons
  Grinder (D:5)
  4 hippogriffs
  A shadow (D:9)
  5 wraiths (D:10)
  A human (D:8)
  2 vampire mosquitoes
  4 hogs (D:8)
  Menkaure (D:5)
  A water moccasin (D:10)
  Edmund (D:5)
  A soldier ant (D:10)
  A hornet zombie (D:9)
  4 orc warriors
  A porcupine (Lair:1)
  2 slaves (D:6)
  5 sky beasts
  2 ice beasts
  2 eyes of draining
  2 ogres
  2 necrophages
  4 phantoms
  10 centaurs
  A crocodile (D:9)
  A crocodile (shapeshifter) (D:11)
  2 big kobolds
  10 bullfrogs
  A wyvern zombie (D:8)
  A wyvern skeleton (D:10)
  7 scorpions
  15 killer bees
  15 wights
  An electric eel (D:9)
  7 howler monkeys
  2 centaur zombies
  2 crimson imps
  2 bullfrog zombies
  A quasit (D:10)
  2 jellies
  2 bullfrog skeletons
  4 orc wizards
  4 centaur skeletons
  3 orc priests
  7 hounds
  6 iguanas
  9 worker ants
  2 hound skeletons
  13 mummies (Ossuary)
  A worker ant zombie (D:7)
  3 gnolls (D:4)
  17 adders
  2 shadow imps
  2 adder zombies (D:8)
  4 adder skeletons
  A worm (D:2)
  3 dart slugs
  4 leopard geckos
  35 orcs
  9 bats
  14 giant cockroaches
  4 goblins
  10 hobgoblins
  6 jackals
  16 kobolds
  4 quokkas
  2 ball pythons
  8 frilled lizards
  3 gnoll skeletons (Ossuary)
  2 goblin skeletons (Ossuary)
  2 kobold skeletons (Ossuary)
  A leopard gecko zombie (D:5)
  An orc skeleton (Ossuary)
  A quokka skeleton (D:9)
  7 rats
  11 rat skeletons (Ossuary)
363 creatures vanquished.

Notes
Turn   | Place    | Note
-------+----------+-------------------------------------------
     0 | D:1      | barcode the Gargoyle Transmuter began the quest for the
                  | Orb.
     0 | D:1      | Reached XP level 1. HP: 12/12 MP: 3/3
   118 | D:1      | Reached skill level 2 in Fighting
   119 | D:1      | Reached XP level 2. HP: 17/17 MP: 3/5
   662 | D:1      | Reached skill level 3 in Fighting
   974 | D:2      | Reached XP level 3. HP: 21/23 MP: 6/6
  1318 | D:2      | Reached skill level 4 in Fighting
  1379 | D:2      | Found a hide-covered altar of Uskayaw.
  1395 | D:2      | Reached XP level 4. HP: 21/29 MP: 7/7
  1923 | D:3      | Found a white marble altar of Elyvilon.
  1980 | D:3      | Reached skill level 5 in Fighting
  2071 | D:3      | Found a stormy altar of Qazlal.
  2109 | D:3      | Reached XP level 5. HP: 35/35 MP: 8/8
  2199 | D:3      | Found a glowing golden altar of the Shining One.
  2621 | D:4      | Noticed a phantom
  2635 | D:4      | Killed a phantom
  2635 | D:4      | Reached skill level 6 in Fighting
  2635 | D:4      | Reached XP level 6. HP: 36/42 MP: 9/9
  2642 | D:4      | Found a sand-covered staircase.
  2648 | Ossuary  | Entered an ossuary
  2977 | Ossuary  | Reached skill level 7 in Fighting
  3502 | D:4      | Reached XP level 7. HP: 44/48 MP: 10/10
  3605 | D:4      | Found Gitaz's Food Shop.
  3648 | D:4      | Reached skill level 8 in Fighting
  3790 | D:4      | Found Tiliaf's Antique Armour Shop.
  3793 | D:4      | Bought a fine ring mail for 207 gold pieces
  3803 | D:4      | Identified the +4 ring mail of the Eternal Fruit {rElec
                  | Int+2 Dex+4} (You bought it in a shop on level 4 of the
                  | Dungeon)
  3926 | D:4      | Found Kigo's Gadget Emporium.
  4006 | D:4      | Found Zerphaaw's Magic Scroll Shoppe.
  4082 | D:4      | Reached skill level 9 in Fighting
  4366 | D:5      | Entered Level 5 of the Dungeon
  4585 | D:4      | Reached XP level 8. HP: 49/57 MP: 11/11
  4626 | D:5      | Noticed Edmund
  4634 | D:4      | Reached skill level 10 in Fighting
  4980 | D:5      | Killed Edmund
  5056 | D:5      | Noticed Grinder
  5057 | D:5      | Paralysed by Grinder for 2 turns
  5066 | D:5      | Killed Grinder
  5066 | D:5      | Reached skill level 11 in Fighting
  5145 | D:5      | Found a shattered altar of Ashenzari.
  5307 | D:5      | Noticed Menkaure
  5319 | D:5      | Killed Menkaure
  5716 | D:5      | Reached XP level 9. HP: 65/65 MP: 12/12
  5750 | D:6      | Found a bloodstained altar of Trog.
  5756 | D:6      | Reached skill level 12 in Fighting
  6401 | D:6      | Noticed Pikel
  6429 | D:6      | Killed Pikel
  6429 | D:6      | Reached skill level 13 in Fighting
  6891 | D:4      | Bought a helmet for 103 gold pieces
  7014 | D:7      | Reached skill level 14 in Fighting
  7155 | D:7      | Reached XP level 10. HP: 36/75 MP: 13/13
  7541 | D:7      | Found a staircase to the Ecumenical Temple.
  7546 | Temple   | Entered the Ecumenical Temple
  7663 | D:7      | Learned a level 2 spell: Blink
  7939 | D:7      | Found a bloodstained altar of Trog.
  8095 | D:8      | Reached skill level 1 in Shields
  8611 | D:8      | Found a burning altar of Makhleb.
  8614 | D:8      | Found a shadowy altar of Dithmenos.
  8620 | D:8      | Found a hazy altar of Hepliaklqana.
  8926 | D:8      | Found a sparkling altar of Nemelex Xobeh.
  9139 | D:8      | Reached skill level 1 in Armour
  9529 | D:9      | Reached skill level 5 in Armour
  9947 | D:4      | Bought a buckler for 103 gold pieces
 10097 | D:10     | Entered Level 10 of the Dungeon
 10598 | D:9      | Found an ancient bone altar of Kikubaaqudgha.
 10599 | D:9      | Found a sacrificial altar of Ru.
 10599 | D:9      | Found a radiant altar of Vehumet.
 10600 | D:9      | Found a shimmering altar of Xom.
 10607 | D:9      | Became a worshipper of Vehumet
 11252 | D:10     | Reached XP level 11. HP: 64/80 MP: 16/16
 11365 | D:10     | Paralysed by an orc for 2 turns
 11424 | D:10     | Found a staircase to the Lair.
 11563 | D:10     | Found a shadowy altar of Dithmenos.
 11596 | D:10     | Reached * piety under Vehumet
 11596 | D:10     | Offered knowledge of Freeze by Vehumet.
 11609 | D:10     | Learned a level 1 spell: Freeze
 11741 | D:10     | Reached skill level 5 in Spellcasting
 11877 | D:10     | Noticed Josephine
 11910 | D:10     | Killed Josephine
 12555 | Lair:1   | Entered Level 1 of the Lair of Beasts
 13379 | Lair:1   | Noticed a six-headed hydra
 13423 | D:10     | Learned a level 4 spell: Petrify
 13489 | D:11     | Noticed a catoblepas
 13489 | D:11     | Noticed a manticore
 13532 | D:11     | Reached skill level 1 in Earth Magic
 13698 | D:11     | Found a portal to a secret trove of treasure.
 13722 | D:11     | Noticed a white ugly thing
 13748 | D:11     | Killed a white ugly thing
 13748 | D:11     | Offered knowledge of Searing Ray by Vehumet.
 13755 | D:11     | Learned a level 2 spell: Searing Ray
 13872 | D:11     | Noticed a white ugly thing
 13896 | D:11     | Killed a white ugly thing
 14229 | D:11     | Noticed a green ugly thing
 14253 | D:11     | Killed a green ugly thing
 14253 | D:11     | Reached skill level 5 in Earth Magic
 14417 | D:11     | Found a staircase to the Orcish Mines.
 14456 | D:11     | Reached ** piety under Vehumet
 14751 | D:11     | Noticed a two-headed ogre
 14772 | D:11     | Killed a two-headed ogre
 14874 | D:11     | You fall through a shaft for 3 floors!
 15085 | D:14     | Reached XP level 12. HP: 83/86 MP: 23/23
 15285 | D:13     | Noticed a centaur warrior
 15296 | D:13     | Killed a centaur warrior
 15719 | D:13     | Noticed a deep elf knight
 15729 | D:13     | Found a transporter.
 16188 | D:13     | Reached skill level 10 in Earth Magic
 16298 | D:13     | Noticed a centaur warrior
 16316 | D:13     | Killed a centaur warrior
 16414 | D:13     | Offered knowledge of Throw Frost by Vehumet.
 16430 | D:13     | Learned a level 2 spell: Throw Frost
 16452 | D:13     | Found a transporter.
 16541 | D:13     | Noticed Nessos
 16567 | D:13     | Noticed Nessos
 16567 | D:13     | Nessos changed into Nessos the mana viper
 16567 | D:13     | Slain by Nessos the mana viper

Skill      XL: |  1  2  3  4  5  6  7  8  9 10 11 12 |
---------------+-------------------------------------+-----
Fighting       | 2 3 4 5 6 7 9 11 14 | 14.6
Shields        | 4 |  4.0
Armour         | 6 |  6.9
Spellcasting   | 3 7 |  7.9
Earth Magic    | 7 11 | 11.0
Dodging        | |  1.5
Unarmed Combat | |  3.0
Transmutations | |  1.5

Action                   |  1- 3 |  4- 6 |  7- 9 | 10-12 || total
-------------------------+-------+-------+-------+-------++-------
Melee: Unarmed           |    33 |       |       |       ||    33
       Kick              |     2 |       |       |       ||     2
       Short sword       |   113 |   113 |       |       ||   226
       Punch             |     3 |       |     9 |     2 ||    14
       Rapier            |       |    92 |   398 |   973 ||  1463
       Trident           |       |       |       |   121 ||   121
 Cast: Beastly Appendage |     7 |       |       |       ||     7
       Petrify           |       |       |       |     4 ||     4
Evoke: Wand              |       |       |     3 |    32 ||    35
  Use: Scroll            |       |     3 |       |    16 ||    19
 Stab: Sleeping          |     1 |       |       |       ||     1
       Paralysed         |       |       |       |    16 ||    16
       Petrified         |       |       |       |    24 ||    24
  Eat: Chunk             |     2 |     4 |    12 |    22 ||    40
       Ration            |       |     1 |       |     3 ||     4
Armor: Robe              |    63 |    80 |    28 |       ||   171
       Ring mail         |       |       |   259 |   851 ||  1110
       Skin              |       |       |       |     2 ||     2
Dodge: Dodged            |   104 |   153 |   311 |   624 ||  1192
Block: Buckler           |       |       |       |   226 ||   226
